 Dungeon Crawl Stone Soup version 0.27.0-1-g7a089689b8 (webtiles) character file.

Game seed: 7585081607862887416

91 daftaero the Ruffian (level 4, -5/44 HPs)
             Began as a Troll Monk on Aug 17, 2021.
             Slain by Sigmund (10 damage)
             ... on level 2 of the Dungeon.
             The game lasted 00:01:33 (879 turns).

daftaero the Ruffian (Troll Monk)                    Turns: 879, Time: 00:01:34

Health: -5/44      AC:  4    Str: 20    XL:     4   Next: 34%
Magic:  3/3        EV: 10    Int:  6    God:
Gold:   124        SH:  0    Dex: 12    Spells: 3/3 levels left

rFire    . . .     SeeInvis .     - Unarmed
rCold    . . .     Faith    .   (no shield)
rNeg     . . .     Spirit   .   a - +0 robe
rPois    +         Reflect  .   (helmet restricted)
rElec    .         Harm     .   (no cloak)
rCorr    .         Rampage  .   (gloves unavailable)
Will     .....                  (boots unavailable)
Stlth    ++........             (no amulet)
HPRegen  1.14/turn              f - ring of poison resistance
MPRegen  0.08/turn              (no ring)

@: no status effects
A: large, unfitting armour, claws 3, regeneration 1, shaggy fur 1, tough skin 1
a: no special abilities


You were on level 2 of the Dungeon.
You visited 1 branch of the dungeon, and saw 2 of its levels.

You collected 124 gold pieces.

Inventory:

Armour
 a - a +0 robe (worn)
Jewellery
 c - a ring of magical power
 d - a ring of wizardry
 f - a ring of poison resistance (left claw)
Scrolls
 e - a scroll of identify {unknown}
 g - a scroll of silence {unknown}
Potions
 b - a potion of curing {unknown}


   Skills:
 + Level 2.7 Fighting
 + Level 3.1 Dodging
 + Level 1.1 Stealth
 + Level 4.2 Unarmed Combat


You had 3 spell levels left.
You didn't know any spells.
Your spell library contained the following spells:

 Spells                   Type           Power      Damage    Failure   Level
 Freeze                   Ice            0%         1d3       45%         1
 Frozen Ramparts          Ice            0%         1d2       83%         3
 Hailstorm                Conj/Ice       0%         3d3       99%         4
 Olgreb's Toxic Radiance  Pois           0%         N/A       99%         4
 Ozocubu's Refrigeration  Ice            0%         4d5       100%        7
 Ignition                 Fire           0%         3d3       100%        8


Dungeon Overview and Level Annotations

Branches:
Dungeon (2/15)

Altars:

Annotations:
D:2 Sigmund


Innate Abilities, Weirdness & Mutations

You are too large for most types of armour.
You have claws for hands.
Your natural rate of healing is unusually fast.
You are covered in fur. (AC +1)
You have tough skin. (AC +1)


Message History

Found 13 gold pieces.
The bat barely misses you. The kobold hits you but does no damage.
You closely miss the kobold. The kobold hits you but does no damage.
You scratch the kobold.
The kobold is severely wounded.
The bat closely misses you. The bat hits you but does no damage.
The kobold hits you but does no damage.
You claw the kobold!
You kill the kobold!
The bat hits you but does no damage. The bat barely misses you.
Sigmund barely misses you. The bat closely misses you.
Sigmund casts a spell.
Sigmund flickers and vanishes!
Deactivating autopickup; reactivate with Ctrl-A.
The bat barely misses you.
You hear some strange, mumbled words.
A puff of flame appears from out of thin air!
The puff of flame hits you! The bat barely misses you. Something hits you.
You closely miss the bat. The bat hits you but does no damage.
The bat misses you.
You hear some strange, mumbled words.
Something tries to affect you, but you resist.
The bat hits you. Something hits you. The bat hits you.
Something completely misses you.
You claw the bat!
You kill the bat!
You hear some strange, mumbled words.
Something tries to affect you, but you resist.
Something hits you!
You see here a bat corpse.
You barely miss something. Something hits you!
* * * LOW HITPOINT WARNING * * *
You miss something. Something hits you.
* * * LOW HITPOINT WARNING * * *
You barely miss something. Something hits you!
* * * LOW HITPOINT WARNING * * *
You barely miss something. Something hits you!
You die...

#####....##
#.........#
##.######.#
#.######...
######.).........
##.....#.....#####
##...........$.#
#........{......#
#.......@........
#...............#
#...............#
#...............#
##..$..........##
##.....#.....##
#############


There were no monsters in sight!

Vanquished Creatures
  A hound (D:2)
  A worm (D:2)
  2 dart slugs
  5 orcs (D:2)
  5 endoplasms
  5 giant cockroaches
  2 goblins
  6 hobgoblins
  2 jackals (D:1)
  A quokka (D:1)
  3 ball pythons (D:1)
  4 bats
  2 frilled lizards
  5 kobolds
  A rat (D:1)
45 creatures vanquished.

Notes
Turn   | Place    | Note
-------+----------+-------------------------------------------
     0 | D:1      | daftaero the Troll Monk began the quest for the Orb.
     0 | D:1      | Reached XP level 1. HP: 22/22 MP: 0/0
   190 | D:1      | Reached XP level 2. HP: 29/29 MP: 1/1
   666 | D:2      | Found a faded altar of an unknown god.
   688 | D:2      | Reached XP level 3. HP: 35/36 MP: 2/2
   824 | D:2      | Reached skill level 4 in Unarmed Combat
   824 | D:2      | Reached XP level 4. HP: 44/44 MP: 3/3
   859 | D:2      | Noticed Sigmund
   879 | D:2      | Slain by Sigmund

Illustrated notes

Levels and vault maps discovered:
D:1:      roderic_chinese_lattice_arrival, layout_basic
D:2:      layout_rooms, ebering_ecumenical_altar_mist, uniq_sigmund

Skill      XL: |  1  2  3 |
---------------+----------+-----
Dodging        | 3 |  3.1
Unarmed Combat | 4 |  4.2
Fighting       | |  2.7
Stealth        | |  1.1

Action                   |  1- 3 |  4- 6 || total
-------------------------+-------+-------++-------
Melee: Unarmed           |    99 |    15 ||   114
       Punch             |     2 |       ||     2
Armor: Robe              |    26 |    13 ||    39
Dodge: Dodged            |    48 |    10 ||    58
